 Dungeon Crawl Stone Soup version 0.18-a0-1702-gd20c6a5 (webtiles) character file.

18969 Murumi the Mender (level 13, -3/101 HPs)
             Began as a Formicid Fighter on Apr 5, 2016.
             Was a Priest of Elyvilon.
             Slain by Snorg (9 damage)
             ... on level 3 of the Lair of Beasts.
             The game lasted 01:08:23 (12718 turns).

Murumi the Mender (Formicid Fighter)               Turns: 12718, Time: 01:08:24

Health: -3/101     AC: 16    Str: 26    XL:     13   Next: 1%
Magic:  18/21      EV: 10    Int:  8    God:    Elyvilon [***...]
Gold:   849        SH: 18    Dex: 10    Spells: 0 memorised, 12 levels left

rFire  . . .     SeeInvis +     d - +3 great sword (freeze)
rCold  . . .     Gourm    .     w - +0 plate armour
rNeg   . . .     Faith    .     c - +1 shield
rPois  +         Spirit   .     (helmet unavailable)
rElec  .         Dismiss  .     G - +0 cloak
rCorr  .         Reflect  +     z - +0 pair of gloves
SustAt .         Harm     .     (no boots)
MR     +....                    v - +5 amulet of reflection
Stlth  ..........               I - ring of poison resistance
                                l - +5 ring of slaying

@: somewhat resistant to hostile enchantments, extremely unstealthy
A: permanent stasis, dig shafts and tunnels, four strong arms, antennae 3
a: Dig, Shaft Self, Lesser Healing, Heal Other, Purification, Divine Protection,
Renounce Religion


You were on level 3 of the Lair of Beasts.
You worshipped Elyvilon.
Elyvilon was most pleased with you.
You were hungry.

You visited 3 branches of the dungeon, and saw 13 of its levels.
You also visited: Ice Cave.

You collected 849 gold pieces.

Inventory:

Hand Weapons
 d - a +3 great sword of freezing (weapon)
 e - a +0 arbalest
Missiles
 A - 19 bolts
Armour
 c - a +1 shield (worn)
 w - a +0 plate armour (worn)
 z - a +0 pair of gloves (worn)
 G - a +0 cloak (worn)
Jewellery
 i - an uncursed ring of flight
 l - a +5 ring of slaying (left hand)
 m - an uncursed ring of stealth
 n - an uncursed ring of resist corrosion
 v - a +5 amulet of reflection (around neck)
 I - a ring of poison resistance (right hand)
 L - an uncursed ring of stealth
Wands
 b - a wand of flame (17/48)
 r - a wand of flame (16/48)
 u - a wand of lightning (10/15)
 y - a wand of lightning (2/15)
 C - a wand of flame (34/48)
 D - a wand of lightning (4/15)
 F - a wand of iceblast (11/15)
 K - a wand of teleportation (1/9)
Scrolls
 g - 8 scrolls of remove curse
 j - 4 scrolls of recharging
 q - 2 scrolls of magic mapping
 t - a scroll of fear
 x - 3 scrolls of enchant armour
 B - a scroll of fog
 H - 2 scrolls of enchant weapon
Potions
 a - 2 potions of heal wounds
 h - 3 potions of cancellation
 k - a potion of cure mutation
 E - 2 potions of curing
 J - a potion of brilliance {unknown}
Comestibles
 f - 7 bread rations
 o - 3 meat rations
 p - a royal jelly
 s - a fruit
 M - 2 chunks of flesh


   Skills:
 - Level 9.0 Fighting
 + Level 7.8 Long Blades
 - Level 7.0 Crossbows
 - Level 9.1 Armour
 - Level 6.7 Dodging
 - Level 10.1 Shields
 - Level 11.0 Invocations


You had 12 spell levels left.
You didn't know any spells.

Dungeon Overview and Level Annotations

Branches:
Dungeon (9/15)             Temple (1/1) D:5            Lair (3/8) D:9
  Swamp: Lair:3-6    Shoals: Lair:3-6     Snake: Lair:3-6    Spider: Lair:3-6
    Orc: D:9-12

Altars:
Ashenzari
Cheibriados
Dithmenos
Elyvilon
Fedhas
Gozag
Kikubaaqudgha
Makhleb
Nemelex Xobeh
Okawaru
Pakellas
Qazlal
Ru
Sif Muna
Trog
Vehumet
Xom
Yredelemnul
Zin
The Shining One

Annotations:
Lair:3 Snorg


Innate Abilities, Weirdness & Mutations

You are under a permanent stasis effect.
You can dig through walls and to a lower floor.
Your four strong arms can wield two-handed weapons with a shield.
You have a pair of large antennae on your head (SInv).


Message History

You slash Snorg! You freeze Snorg.
Snorg is almost dead.
You block Snorg's attack. Snorg claws you!
* * * LOW HITPOINT WARNING * * *
You block Snorg's attack. Snorg bites you!!
* * * LOW HITPOINT WARNING * * *
You block Snorg's attack. x2
Okay, then.
Drink which item? (? for menu, Esc to quit)
You feel much better. You block Snorg's attack. Snorg claws you!
* * * LOW HITPOINT WARNING * * *
Snorg completely misses you. Snorg bites you!
* * * LOW HITPOINT WARNING * * *
Snorg barely misses you. Snorg claws you.
* * * LOW HITPOINT WARNING * * *
Snorg rages.
Snorg bites you! Elyvilon protects you from harm! Snorg claws you!
You die...

...... ... #....+. ##....
....###.....## #.....
#....#....#.#.#####....
###..#......#...#.#.....
###.#..#..................
..........................
..........................
.........@................
........T.................
..........................
...###.##.....P#...####...
P..#...[..##..# ##....
#.(.##......##.###.#...
#(.........###.........
....##...........##....
............##P.####....


You could see Snorg (berserk).

Vanquished Creatures
  Erolcha (D:9)
  The ghost of Calamarain the Carver, a novice MiFi of Trog (D:6)
  Maurice (D:9)
  2 black mambas
  3 ice statues (IceCv)
  The ghost of Calamarain the Slasher, a novice HOFi of Nemelex Xobeh (D:4)
  5 spiny frogs
  3 komodo dragons
  A two-headed ogre (D:9)
  5 blink frogs (Lair:2)
  23 yaks
  A wyvern (D:8)
  4 hippogriffs
  3 steam dragons
  2 insubstantial wisps (Lair:3)
  4 vampire mosquitoes (Lair:3)
  7 water moccasins
  3 porcupines
  A swamp drake (Lair:3)
  6 ice beasts (IceCv)
  2 sky beasts
  An eye of draining (D:9)
  A phantom (D:4)
  An ogre (D:5)
  8 wolves (Lair:3)
  4 crocodiles
  2 big kobolds
  9 giant frogs
  A gnoll sergeant (D:8)
  A scorpion (D:3)
  4 wights (D:7)
  4 howler monkeys
  6 crimson imps
  2 jellies
  A quasit (D:8)
  7 orc priests
  4 hounds
  5 iguanas
  11 orc wizards
  4 worker ants
  A killer bee zombie (D:6)
  14 sheep
  A hound skeleton (D:4)
  18 gnolls
  10 adders
  28 river rats
  A shadow imp (D:7)
  12 white imps (Lair:1)
  An ooze (D:3)
  An adder zombie (D:8)
  2 worms
  A dart slug (D:2)
  6 giant geckos
  43 orcs
  5 giant cockroaches
  13 goblins
  8 hobgoblins
  19 jackals
  2 quokkas
  3 ball pythons
  5 bats
  A giant gecko skeleton (D:4)
  2 giant newts
  13 kobolds
  4 rats
369 creatures vanquished.

Vanquished Creatures (others)
  2 fungi (D:6)
2 creatures vanquished.

Grand Total: 371 creatures vanquished

Notes
Turn   | Place    | Note
--------------------------------------------------------------
     0 | D:1      | Murumi the Formicid Fighter began the quest for the Orb.
     0 | D:1      | Reached XP level 1. HP: 18/18 MP: 1/1
    99 | D:1      | Reached skill level 1 in Dodging
   135 | D:1      | Reached XP level 2. HP: 24/24 MP: 2/2
   519 | D:1      | Reached XP level 3. HP: 27/29 MP: 3/3
  1167 | D:2      | Reached XP level 4. HP: 22/35 MP: 4/4
  1328 | D:2      | Found a snail-covered altar of Cheibriados.
  2424 | D:3      | Reached XP level 5. HP: 38/42 MP: 5/5
  2833 | D:3      | Reached skill level 5 in Shields
  2833 | D:3      | Reached XP level 6. HP: 48/48 MP: 6/6
  3077 | D:4      | Noticed Calamarain's ghost (novice HOFi)
  3094 | D:4      | Killed Calamarain's ghost
  3094 | D:4      | Reached XP level 7. HP: 20/54 MP: 7/7
  3460 | D:4      | Reached XP level 8. HP: 44/60 MP: 8/8
  3805 | D:4      | Reached skill level 5 in Fighting
  4115 | D:5      | Entered Level 5 of the Dungeon
  4284 | D:5      | Reached skill level 5 in Armour
  5034 | D:5      | Found a staircase to the Ecumenical Temple.
  5040 | Temple   | Entered the Ecumenical Temple
  5137 | Temple   | Became a worshipper of Elyvilon the Healer
  5525 | D:6      | Noticed Calamarain's ghost (novice MiFi)
  5654 | D:6      | HP: 3/63 [Calamarain's ghost (9)]
  5661 | D:6      | Killed Calamarain's ghost
  5661 | D:6      | Reached XP level 9. HP: 19/73 MP: 9/9
  5987 | D:6      | Reached skill level 5 in Long Blades
  6211 | D:6      | Found a deep blue altar of Sif Muna.
  6295 | D:6      | Reached * piety under Elyvilon
  6499 | D:7      | Reached skill level 1 in Invocations
  6510 | D:7      | Reached skill level 2 in Invocations
  6661 | D:7      | Reached skill level 3 in Invocations
  6721 | D:7      | Found an oddly glowing altar of Pakellas.
  6985 | D:8      | Reached skill level 4 in Invocations
  6995 | D:8      | Reached XP level 10. HP: 75/80 MP: 13/13
  7041 | D:8      | Reached skill level 5 in Invocations
  7320 | D:8      | Reached skill level 6 in Invocations
  7648 | D:8      | Reached skill level 7 in Invocations
  8143 | D:9      | Reached skill level 5 in Crossbows
  8278 | D:9      | Reached skill level 8 in Invocations
  8285 | D:9      | Reached XP level 11. HP: 51/85 MP: 17/17
  8319 | D:9      | Noticed Maurice
  8350 | D:9      | Killed Maurice
  8389 | D:9      | Reached ** piety under Elyvilon
  8398 | D:9      | Reached skill level 5 in Dodging
  8403 | D:9      | Noticed Erolcha
  8683 | D:9      | Killed Erolcha
  8885 | D:9      | Found a staircase to the Lair.
  9072 | Lair:1   | Entered Level 1 of the Lair of Beasts
  9127 | Lair:1   | Noticed a seven-headed hydra
  9128 | Lair:1   | Pacified a seven-headed hydra
  9133 | Lair:1   | Found a frozen archway.
  9165 | IceCv    | Entered an ice cave
  9657 | IceCv    | Reached skill level 9 in Invocations
 10320 | Lair:1   | Reached XP level 12. HP: 81/95 MP: 18/18
 11018 | Lair:2   | Noticed a six-headed hydra
 11018 | Lair:2   | Pacified a six-headed hydra
 11269 | Lair:2   | Reached skill level 10 in Shields
 11359 | Lair:2   | Reached *** piety under Elyvilon
 11932 | Lair:3   | Reached skill level 10 in Invocations
 12183 | Lair:3   | Reached skill level 11 in Invocations
 12615 | Lair:3   | Reached XP level 13. HP: 101/101 MP: 21/21
 12625 | Lair:3   | Reached **** piety under Elyvilon
 12699 | Lair:3   | Noticed Snorg
 12716 | Lair:3   | HP: 5/101 [Snorg (3)]
 12718 | Lair:3   | Elyvilon protects you from harm!
 12718 | Lair:3   | Slain by Snorg

Vault maps used:
D:1:      dpeg_arrival_leaves_temple_mockup, st_stairs_7,
          minmay_misc_feat_encased
D:2:      cheibriados_altar_1
D:5:      minmay_temple_entry_fiery, first_bread
D:6:      kennysheep_steamy, led_sif_pool
D:7:      lemuel_coloured_pillars_altar, minmay_misc_feat_rows
D:9:      lair_0_dummy, uniq_maurice, uniq_erolcha
Temple:   kilobyte_greek_temple_18
Lair:1:   portal_ice_cave_entry_imps, disabler_island,
          infiniplex_staircase_pool_2
Lair:3:   beast_lair_carwin_large_3, serial_bayou_pond_c, pond, uniq_snorg
IceCv:    ice_cave_statue_garden_02

Skill      XL: |  1  2  3  4  5  6  7  8  9 10 11 12 |
---------------+-------------------------------------+-----
Dodging        | 1 2 4 6 |  6.7
Shields        | 4 5 7 8 9 10 | 10.1
Long Blades    | 3 4 6 7 |  7.8
Fighting       | 4 7 9 |  9.0
Armour         | 4 5 6 7 9 |  9.1
Invocations    | 4 8 9 11 | 11.0
Crossbows      | 5 6 7 |  7.0

Action                   |  1- 3 |  4- 6 |  7- 9 | 10-12 | 13-15 || total
-------------------------+-------+-------+-------+-------+-------++-------
Melee: Long sword        |   115 |   138 |   263 |       |       ||   516
       Great sword       |       |       |    31 |   575 |    16 ||   622
 Fire: Arbalest          |       |       |       |    35 |     2 ||    37
Invok: Heal Other        |       |       |       |     5 |       ||     5
       Greater Healing   |       |       |       |       |     2 ||     2
 Abil: Dig               |       |     2 |     4 |     7 |       ||    13
Evoke: Wand              |       |       |       |     3 |       ||     3
  Use: Scroll            |     5 |     7 |     6 |     6 |       ||    24
       Potion            |       |     1 |     5 |     2 |     1 ||     9
  Eat: Chunk             |     1 |     6 |    12 |    17 |     1 ||    37
       Beef jerky        |       |       |     1 |       |       ||     1
       Pizza             |       |       |       |     4 |       ||     4
       Fruit             |       |       |       |     1 |       ||     1
